Map: Daybreak LE (Void)

Players

pRoToN

  • Race: Terran Terran
  • League: Diamond
  • Spawn Location: 7:00

Gorod - Winner!

  • Race: Zerg Zerg
  • League: Diamond
  • Spawn Location: 1:00

VOD

Have the link to the VOD?

Description

Time

  • Played on: Dec. 18, 2016, 3:06 p.m.
  • Length: 16:38
Show
View Real Time Build Order
Export as new Build Order

pRoToN Terran 

Build Orders: Mech 

Get SALT Encoding   

  12  0:01  SCV  
  13  0:13  SCV  
  14  0:24  Supply Depot  
  14  0:25  SCV  
  15  0:35  Refinery  
  15  0:46  SCV  
  15  0:47  Barracks  
  16  0:58  SCV  
  17  1:10  SCV  
  18  1:22  SCV  
  19  1:34  SCV  
  20  1:40  Marine, Command Center  
  21  1:52  Supply Depot  
  21  1:53  SCV  
  22  1:58  Marine  
  23  2:09  Refinery  
  23  2:14  SCV  
  24  2:17  Barracks Tech Lab  
  24  2:26  SCV  
  24  2:28  Factory  
  25  2:36  Marine  
  26  2:38  Factory  
  26  2:41  SCV  
  27  2:53  SCV  
  29  3:11  Factory Reactor  
  29  3:18  Orbital Command  
  28  3:25  Supply Depot  
  28  3:31  Supply Depot  
  28  3:32  Infernal Pre-Igniter  
  28  3:36  Hellion  
  30  3:45  Orbital Command  
  30  3:53  Hellion x2  
  34  4:00  Hellion  
  36  4:04  SCV  
  37  4:14  Hellion  
  37  4:16  SCV  
  40  4:20  SCV  
  41  4:27  Hellion  
  41  4:28  SCV  
  44  4:32  SCV  
  44  4:33  Hellion  
  44  4:38  Hellion  
  49  4:40  SCV  
  49  4:44  SCV  
  51  4:49  Hellion  
  51  4:51  Supply Depot  
  51  4:52  SCV  
  54  4:55  Hellion  
  56  5:05  Armory  
  56  5:06  SCV  
  57  5:07  Starport  
  57  5:12  Refinery  
  57  5:31  Cyclone  
  57  5:32  Cyclone  
  57  5:33  Cyclone  
  66  5:40  SCV x2, Supply Depot  
  68  5:46  Refinery  
  66  5:52  SCV  
  66  5:53  SCV  
  66  5:56  Terran Vehicle Weapons Level 1  
  68  6:00  Medivac  
  68  6:03  Cyclone  
  73  6:04  SCV  
  73  6:05  SCV  
  73  6:07  Cyclone  
  73  6:10  Supply Depot  
  78  6:21  Supply Depot  
  78  6:22  SCV x2, Cyclone  
  83  6:30  Medivac  
  85  6:36  Cyclone  
  85  6:39  Cyclone  
  91  6:55  Cyclone  
  94  7:03  Command Center  
  94  7:06  Engineering Bay  
  94  7:10  Cyclone  
  94  7:11  Factory  
  97  7:16  Medivac  
  97  7:39  Cyclone  
  100  7:46  Cyclone  
  100  7:48  Cyclone  
  79  8:16  Factory Tech Lab, Cyclone  
  79  8:17  Terran Vehicle Weapons Level 2  
  79  8:18  Factory  
  82  8:25  SCV x2  
  82  8:26  Refinery  
  84  8:27  Planetary Fortress  
  84  8:31  Refinery  
  84  8:35  Hellbat  
  84  8:36  Hellbat x2  
  84  8:37  SCV x2  
  89  8:48  Hellbat  
  91  8:49  SCV x2  
  93  8:57  Cyclone, Hellbat x2  
  93  9:01  SCV x2  
  93  9:02  Cyclone  
  105  9:05  Supply Depot  
  105  9:08  SCV  
  105  9:09  Hellbat  
  108  9:13  SCV x2  
  110  9:18  Cyclone, Hellbat  
  110  9:20  SCV  
  116  9:25  SCV x2  
  116  9:29  Cyclone  
  116  9:30  Supply Depot  
  116  9:31  Cyclone  
  73  10:10  Siege Tank x2  
  73  10:12  Cyclone, Hellbat  
  84  10:16  Command Center  
  84  10:18  Factory Tech Lab  
  84  10:33  Hellbat  
  86  10:40  Siege Tank  
  86  10:42  Thor x2  
  101  10:43  Terran Vehicle Weapons Level 3  
  101  10:44  Hellbat  
  103  10:59  SCV  
  85  11:15  Siege Tank  
  85  11:17  Hellbat x2  
  87  11:25  Thor, Siege Tank  
  92  11:34  Command Center  
  92  11:35  SCV  
  92  11:38  SCV, Hellbat  
  92  11:39  Hellbat  
  98  11:43  Orbital Command  
  98  11:45  Supply Depot  
  95  11:47  Siege Tank  
  95  11:48  SCV  
  99  11:57  Thor  
  99  12:00  Hellbat x2  
  109  12:08  Orbital Command, Hellbat  
  111  12:14  Supply Depot  
  111  12:19  Hellbat  
  111  12:21  Cyclone, Hellbat  
  118  12:29  Siege Tank  
  107  12:40  Thor  
  107  12:41  Hellbat  
  107  12:42  Cyclone  
  115  12:53  Cyclone  
  104  13:01  Siege Tank  
  99  13:05  SCV  
  99  13:16  Thor  
  99  13:17  SCV  
  106  13:20  Terran Vehicle And Ship Armor Level 1  
  106  13:23  Siege Tank  
  109  13:29  SCV  
  80  13:42  SCV  
  73  13:54  SCV, Siege Tank, Hellbat x2  
  73  13:55  Marine, Siege Tank  
  85  14:10  Siege Tank  
  85  14:13  Marine  
  88  14:27  Siege Tank x2  
  88  14:31  Marine  
  93  14:40  Orbital Command  
  93  14:42  Siege Tank  
  96  14:59  Siege Tank, Hellbat  
  98  15:08  Hellbat x2  
  98  15:12  SCV  
  103  15:14  Siege Tank  
  103  15:20  Siege Tank  
  95  15:29  Hellbat  
  52  15:51  SCV x2  
  54  16:04  Cyclone  
  54  16:06  Hellbat  
  54  16:10  SCV x2  
  59  16:20  SCV  
  59  16:22  SCV x2  
Show
View Real Time Build Order
Export as new Build Order

Gorod Zerg - Winner!

Build Orders: Hatch First 

Get SALT Encoding   

  12  0:05  Drone  
  13  0:09  Drone  
  13  0:13  Extractor  
  13  0:15  Drone  
  15  0:44  Hatchery  
  14  0:50  Drone, Extractor  
  15  1:02  Spawning Pool  
  14  1:04  Extractor  
  14  1:10  Drone  
  14  1:13  Extractor  
  14  1:15  Drone  
  16  1:20  Overlord  
  16  1:38  Drone x2  
  18  1:50  Queen  
  18  1:51  Drone  
  18  1:54  Drone  
  22  1:57  Drone  
  22  2:01  Queen  
  23  2:07  Overlord  
  25  2:11  Drone  
  26  2:17  Drone  
  26  2:20  Drone  
  28  2:26  Drone  
  29  2:31  Queen  
  31  2:37  Queen  
  33  2:52  Hatchery  
  33  2:57  Hatchery  
  33  2:58  Evolution Chamber  
  32  3:00  Drone  
  32  3:01  Drone x3, Overlord  
  36  3:23  Drone  
  36  3:24  Drone x5  
  42  3:27  Drone  
  43  3:37  Drone  
  44  3:46  Overlord  
  44  3:53  Extractor  
  44  3:54  Extractor  
  42  3:58  Roach Warren  
  41  4:03  Evolution Chamber  
  41  4:05  Drone x2, Evolution Chamber  
  41  4:06  Drone  
  41  4:07  Drone x3  
  41  4:08  Drone  
  41  4:09  Overlord  
  46  4:22  Hatchery  
  45  4:26  Overlord  
  45  4:27  Overlord  
  45  4:38  Roach x2  
  49  4:43  Overlord x2  
  49  4:44  Roach  
  49  4:45  Roach  
  53  4:47  Drone  
  53  4:51  Extractor  
  53  5:04  Roach x3  
  53  5:05  Roach  
  61  5:09  Drone x3  
  61  5:10  Drone  
  61  5:11  Drone  
  61  5:13  Drone, Extractor  
  66  5:34  Lair  
  66  5:50  Drone  
  66  5:51  Drone x9  
  76  6:04  Zerg Missile Weapons Level 1  
  76  6:05  Zerg Ground Armor Level 1  
  76  6:06  Roach x4  
  84  6:28  Drone x3, Extractor  
  84  6:29  Drone, Extractor  
  84  6:30  Drone x3  
  84  6:31  Drone x3  
  92  6:33  Roach x3  
  92  6:35  Overlord x2  
  98  6:43  Spore Crawler  
  98  6:46  Glial Reconstitution  
  97  6:49  Spore Crawler  
  96  6:55  Ravager x2  
  96  6:56  Ravager x2  
  96  6:58  Metabolic Boost  
  100  7:18  Roach x3  
  100  7:34  Overlord x3  
  100  7:43  Roach x3  
  93  7:56  Roach  
  93  7:57  Roach x15  
  121  7:59  Overlord x2  
  112  8:08  Roach  
  99  8:21  Ravager x5  
  104  8:33  Zergling x12  
  111  8:41  Hatchery, Ravager x2  
  111  8:42  Ravager  
  111  8:45  Drone  
  111  8:46  Drone  
  115  8:48  Drone x2  
  115  8:50  Extractor  
  115  9:05  Zergling x2  
  115  9:06  Zergling x10  
  115  9:09  Zerg Missile Weapons Level 2  
  121  9:17  Ravager x2  
  122  9:34  Zerg Ground Armor Level 2  
  116  9:51  Roach x6  
  100  10:03  Roach  
  100  10:04  Roach x5  
  109  10:10  Zergling x10  
  114  10:16  Queen  
  116  10:28  Zergling x14  
  117  10:33  Hatchery, Overlord  
  117  10:35  Extractor  
  121  10:36  Extractor  
  120  10:51  Roach  
  120  10:52  Roach x3  
  120  10:53  Overlord x6  
  95  11:15  Roach  
  95  11:16  Roach x11  
  108  11:36  Roach  
  108  11:37  Roach x7  
  124  11:43  Ravager x3  
  124  11:44  Ravager x2  
  129  11:50  Ravager x7  
  129  11:51  Ravager  
  129  11:53  Zergling x4  
  129  11:54  Zergling x14  
  146  11:56  Zerg Melee Weapons Level 1  
  146  12:07  Infestation Pit, Ravager  
  146  12:09  Zergling x10  
  146  12:12  Hatchery  
  146  12:13  Extractor  
  146  12:14  Extractor  
  148  12:25  Roach x11  
  162  12:36  Roach  
  162  12:37  Roach x4  
  167  12:54  Roach  
  167  12:55  Roach x7  
  122  13:17  Ravager x10  
  73  13:49  Roach  
  73  13:50  Roach x11  
  88  14:01  Zergling x2  
  88  14:02  Zergling x6  
  91  14:06  Queen  
  91  14:08  Drone x2  
  91  14:09  Drone  
  96  14:18  Ravager  
  96  14:19  Ravager x5  
  102  14:26  Hive  
  104  14:38  Roach  
  104  14:39  Roach x15  
  104  14:41  Overlord  
  104  14:44  Drone  
  104  14:45  Drone  
  130  15:01  Ravager x12  
  94  15:41  Roach x3  
  94  15:42  Roach x13  
  100  15:50  Zergling x2  
  100  15:51  Zergling x8  
  100  16:03  Ravager  
  100  16:04  Ravager x3  
  102  16:05  Ravager  
  102  16:06  Ravager  
  102  16:07  Ravager x5  
Tags
 
Composition
Mech
Matchup
TvZ
Replay Pack
replay pack
Spawn Locations
Cross Positions
Add a new tag
Caveats
  • Supply blocks, unpowered buildings, or Contaminate may cause inaccurate times.
  • Supply counts are checked every 10 seconds.